 Dungeon Crawl Stone Soup version 0.17-a0-1567-gdd419b1 (webtiles) character file.

373 Chiseanne the Skirmisher (level 6, -1/49 HPs)
             Began as a Demonspawn Wanderer on July 22, 2015.
             Killed from afar by Dowan (11 damage)
             ... with a shard of ice
             ... on level 4 of the Dungeon.
             The game lasted 00:10:18 (3642 turns).

Chiseanne the Skirmisher (Demonspawn Wanderer)      Turns: 3642, Time: 00:10:18

Health: -1/49      AC:  7    Str: 12    XL:     6   Next: 43%
Magic:  6/6        EV: 16    Int: 14    God:
Gold:   216        SH:  0    Dex: 14    Spells: 0 memorised, 5 levels left

rFire  . . .     SeeInvis .     a - +3 short sword
rCold  . . .     Clarity  .     w - +3 leather armour
rNeg   . . .     SustAt   .     (no shield)
rPois  .         Gourm    .     m - +0 helmet
rElec  .         Spirit   .     (no cloak)
rCorr  .         Warding  .     (no gloves)
rMut   .         Stasis   .     (no boots)
MR     .....                    (no amulet)
Stlth  +++.......               (no ring)
                                (no ring)

@: lethally poisoned (-1 -> -23), not resistant to hostile enchantments, fairly
stealthy
A: claws 1, repulsion field 2, nightstalker 1
a: no special abilities


You were on level 4 of the Dungeon.
You were not hungry.

You visited 1 branch of the dungeon, and saw 4 of its levels.

You collected 216 gold pieces.

Inventory:

Hand weapons
 a - a +3 short sword (weapon)
Missiles
 c - 5 javelins (quivered)
 d - 10 poisoned needles
 i - 29 bolts
 k - 92 arrows
 l - 15 arrows of flame
 p - 2 tomahawks
Armour
 m - a +0 helmet (worn)
 w - a +3 leather armour (worn)
Magical devices
 v - a wand of fireball (11)
Scrolls
 b - 3 scrolls of remove curse
 e - 2 scrolls of teleportation
 y - a scroll of random uselessness {unknown}
Potions
 q - a potion of heal wounds {unknown}
 r - 2 potions of brilliance
 x - a potion of agility {unknown}
Comestibles
 f - 3 bread rations
 g - a slice of pizza
 h - 3 meat rations


   Skills:
 + Level 4.4 Fighting
 - Level 3.6 Short Blades
 - Level 2.7 Armour
 * Level 3.1 Dodging
 * Level 3.1 Stealth
 - Level 1.0 Evocations


You had 5 spell levels left.
You didn't know any spells.

Dungeon Overview and Level Annotations

Branches:
Dungeon (4/15)
 Temple: D:4-7

Altars:
Nemelex Xobeh

Annotations:
D:4 Dowan


Innate Abilities, Weirdness & Mutations

You have sharp fingernails.
You are surrounded by a moderate repulsion field (EV +3).
You are slightly more attuned to the shadows.


Message History

You kill Duvessa!
Dowan's eyes darken. "You have made a black mistake."
Dowan seems to find hidden reserves of power!
Your Dodging skill increases to level 3!
Your Stealth skill increases to level 3!
* * * LOW HITPOINT WARNING * * *
You feel sick.
Dowan shakes with grief.
Dowan closely misses you.
Drink which item? (? for menu, Esc to quit)
It was a potion of cancellation.
Your magical effects are unravelling.
Your magical contamination has completely faded away.
You feel magically purged.
You feel yourself slow down.
* * * LOW HITPOINT WARNING * * *
You feel sick. Dowan gestures at you while chanting. The shard of ice hits you!
You die...

..# .....##
#.#.l. .....#
# #.#..##.# #
#l#.....#
.#..#@#..##.#
.......e..#.#
#.#..###...#
#.. ##.## ...
#(# ###. #<#
# ##.##
####...#
......#.#


You could see Dowan and a giant newt.

Vanquished Creatures
  Duvessa (D:4)
  An orc priest (D:3)
  2 orc wizards (D:3)
  An iguana (D:3)
  5 gnolls
  3 adders
  An ooze (D:2)
  A worm (D:3)
  10 orcs
  7 bats
  3 giant cockroaches
  5 goblins
  9 hobgoblins
  A giant gecko (D:1)
  3 giant newts
  5 kobolds
  2 quokkas
  9 rats
69 creatures vanquished.

Notes
Turn   | Place    | Note
--------------------------------------------------------------
     0 | D:1      | Chiseanne the Demonspawn Wanderer began the quest for the Orb.
     0 | D:1      | Chiseanne set off with: a +2 short sword, a +0 quarterstaff, a potion of curing, a +0 robe, a +0 dagger, a bread ration
     0 | D:1      | Reached XP level 1. HP: 16/16 MP: 1/1
   835 | D:1      | Reached skill level 1 in Dodging
   835 | D:1      | Gained mutation: You have sharp fingernails. [demonic ancestry]
   835 | D:1      | Reached XP level 2. HP: 18/23 MP: 2/2
  1094 | D:2      | Gained mutation: You are surrounded by a mild repulsion field (EV +2). [demonic ancestry]
  1094 | D:2      | Reached XP level 3. HP: 26/28 MP: 3/3
  1398 | D:2      | Reached skill level 1 in Armour
  1545 | D:2      | Reached XP level 4. HP: 19/35 MP: 4/4
  2431 | D:2      | HP: 1/35 [orc priest/divine providence (15)]
  2870 | D:3      | Gained mutation: You are surrounded by a moderate repulsion field (EV +3). [demonic ancestry]
  2870 | D:3      | Reached XP level 5. HP: 41/41 MP: 5/5
  3172 | D:3      | Reached skill level 4 in Fighting
  3216 | D:3      | Found a sparkling altar of Nemelex Xobeh.
  3421 | D:3      | Gained mutation: You are slightly more attuned to the shadows. [demonic ancestry]
  3421 | D:3      | Reached XP level 6. HP: 45/48 MP: 6/6
  3612 | D:4      | Noticed Duvessa
  3613 | D:4      | Noticed Dowan
  3641 | D:4      | Killed Duvessa
  3642 | D:4      | Killed from afar by Dowan

Vault maps used:
D:1:      dpeg_arrival_lava_temple_mockup, due_unseen_surprise
D:3:      nemelex_xobeh_ov_fountains_minmay, st_stairs_7
D:4:      lightli_minifort, uniq_duvessa, uniq_sigmund

Action                   |  1- 3 |  4- 6 || total
-------------------------+-------+-------++-------
Melee: Short sword       |    81 |   202 ||   283
Throw: Javelin           |     5 |     3 ||     8
  Use: Potion            |     2 |     2 ||     4
       Scroll            |     1 |     7 ||     8
 Stab: Invisible         |     1 |       ||     1
       Sleeping          |     1 |       ||     1
       Distracted        |       |     1 ||     1
  Eat: Chunk             |     2 |     7 ||     9
